Map: The Vermillion Problem

Players

Yuriprime

  • Race: Protoss Protoss
  • Spawn Location: 11:00

LilArrin

  • Race: Terran Terran
  • Spawn Location: 11:00

VOD

Have the link to the VOD?

Description

Time

  • Played on: Aug. 6, 2017, 1:34 a.m.
  • Length: 22:05
Show
View Real Time Build Order
Export as new Build Order

Yuriprime Protoss 

Build Orders:  

Get SALT Encoding   

  12  0:03  Probe (Chrono Boost)  
  12  0:06  Dark Pylon  
  13  0:17  Probe (Chrono Boost)  
  14  0:24  Assimilator  
  14  0:31  Probe (Chrono Boost)  
  15  0:43  Assimilator  
  15  0:45  Probe (Chrono Boost)  
  16  0:58  Probe (Chrono Boost)  
  17  1:05  Gateway  
  17  1:12  Probe (Chrono Boost)  
  18  1:26  Probe (Chrono Boost)  
  19  1:40  Probe (Chrono Boost)  
  19  1:43  Forge  
  19  1:49  Pylon  
  20  1:54  Probe (Chrono Boost)  
  21  2:08  Probe (Chrono Boost)  
  22  2:12  Cybernetics Core  
  22  2:23  Probe (Chrono Boost)  
  23  2:37  Protoss Ground Weapons Level 1  
  23  2:39  Gateway  
  23  2:42  Probe (Chrono Boost)  
  24  3:03  Warp Gate  
  24  3:10  Twilight Council  
  24  3:14  Probe (Chrono Boost)  
  24  3:15  Gateway  
  25  3:28  Probe (Chrono Boost)  
  26  3:42  Probe (Chrono Boost)  
  27  3:55  Gateway  
  27  3:56  Probe (Chrono Boost)  
  28  4:04  Dark Shrine  
  28  4:24  Probe (Chrono Boost)  
  29  4:37  Probe (Chrono Boost)  
  30  4:51  Probe (Chrono Boost)  
  30  4:56  Shadow Fury (Chrono Boost)  
  30  4:57  Pylon  
  30  4:58  Pylon  
  31  5:01  Pylon  
  31  5:07  Probe  
  30  5:24  Probe  
  31  5:37  Nexus  
  31  5:42  Assimilator  
  31  5:44  Assimilator  
  31  6:02  Dark Templar x2  
  35  6:14  Dark Templar  
  37  6:28  Dark Templar  
  39  6:49  Stalker  
  41  6:50  Stalker  
  43  7:00  Stalker  
  45  7:14  Dark Templar  
  47  7:26  Dark Templar  
  49  7:33  Probe  
  49  7:37  Probe  
  51  7:47  Probe  
  51  7:51  Dark Pylon  
  51  7:53  Probe  
  51  7:58  Dark Templar Blink (Chrono Boost)  
  53  8:01  Probe  
  54  8:10  Probe  
  54  8:12  Dark Templar  
  54  8:13  Dark Templar x2  
  54  8:15  Probe  
  62  8:27  Probe  
  63  8:33  Probe  
  64  8:47  Probe  
  64  8:50  Gateway  
  64  8:54  Gateway  
  64  8:58  Gateway  
  65  9:02  Gateway  
  65  9:04  Dark Pylon  
  65  9:11  Protoss Ground Weapons Level 2 (Chrono Boost)  
  65  9:15  Dark Templar x3  
  65  9:16  Dark Templar  
  73  10:07  Gateway  
  73  10:08  Gateway  
  73  10:14  Dark Templar  
  73  10:15  Dark Templar x3  
  81  10:38  Dark Templar x2  
  85  10:58  Forge  
  85  11:05  Pylon  
  85  11:07  Pylon  
  85  11:09  Pylon  
  85  11:12  Pylon  
  85  11:16  Pylon  
  85  11:18  Pylon  
  85  11:33  Dark Templar x5  
  85  11:34  Dark Templar x3  
  101  12:11  Dark Pylon  
  101  12:15  Protoss Ground Weapons Level 3 (Chrono Boost)  
  101  12:18  Protoss Shields Level 1 (Chrono Boost)  
  101  12:19  Stalker x5  
  111  12:30  Blink  
  111  12:48  Dark Templar x3  
  117  13:17  Dark Pylon  
  117  13:22  Dark Templar x3  
  117  13:23  Stalker  
  117  13:24  Stalker  
  123  13:55  Stalker x4  
  123  13:56  Stalker  
  133  15:19  Probe  
  132  15:23  Stalker x2  
  132  15:24  Stalker x2  
  132  15:26  Protoss Shields Level 2 (Chrono Boost)  
  136  15:33  Pylon  
  136  15:34  Phase Reactor  
  136  15:36  Probe  
  136  15:37  Stalker  
  136  15:38  Stalker  
  131  17:03  Dark Pylon  
  128  18:21  Stalker x5  
  128  18:22  Stalker x4  
  128  18:23  Stalker  
  148  19:08  Dark Templar  
  148  19:09  Dark Templar x6  
  162  19:10  Dark Templar x2  
Show
View Real Time Build Order
Export as new Build Order

LilArrin Terran 

Build Orders:  

Get SALT Encoding   

  12  0:03  SCV  
  3  0:20  SCV  
  14  0:32  Supply Depot  
  14  0:36  SCV  
  15  0:53  SCV  
  16  1:10  SCV  
  17  1:22  Command Center  
  17  1:28  SCV  
  18  1:44  Barracks  
  18  1:46  SCV  
  19  2:03  SCV  
  20  2:34  Orbital Command  
  20  2:44  Command Center  
  20  2:48  Marine  
  20  2:56  Refinery  
  21  3:09  Orbital Command  
  21  3:14  SCV  
  22  3:23  Marine  
  23  3:33  Marine, Bunker  
  23  3:35  SCV  
  25  3:43  Refinery  
  25  3:44  Marine  
  25  3:48  SCV  
  27  3:52  SCV  
  28  4:05  SCV  
  29  4:14  SCV  
  30  4:21  Barracks Tech Lab  
  30  4:28  Command Center  
  30  4:33  Combat Shields  
  30  4:34  Orbital Command  
  30  4:37  SCV  
  31  4:46  Medic  
  33  4:54  SCV  
  33  4:56  Marine  
  35  5:09  Marine  
  33  5:19  Marine  
  34  5:21  SCV  
  34  5:29  Medic  
  38  5:40  Marine  
  39  5:50  Marine  
  39  5:53  Command Center  
  40  6:02  Marine  
  40  6:07  Command Center  
  41  6:10  Engineering Bay  
  41  6:16  Engineering Bay  
  41  6:31  Orbital Command  
  41  6:41  Marine  
  41  6:49  Terran Infantry Weapons Level 1  
  40  6:51  Marine, Terran Infantry Armor Level 1  
  40  7:01  Marine  
  41  7:11  Marine  
  41  7:19  Barracks  
  42  7:21  Marine  
  42  7:24  Barracks  
  42  7:29  Stabilizer Medpacks  
  43  7:32  Marine  
  43  7:39  SCV x2  
  46  7:40  Factory  
  46  7:42  Marine  
  47  7:52  Marine x2  
  49  8:02  Marine x2  
  49  8:04  Barracks Tech Lab  
  49  8:06  Orbital Command  
  51  8:10  Orbital Command  
  51  8:12  Marine x2, SCV  
  54  8:23  Medic, Marine  
  57  8:33  Marine x2  
  58  8:40  Factory Tech Lab  
  58  8:43  SCV  
  58  8:44  SCV  
  58  8:45  Marine x2  
  58  8:46  Armory  
  63  8:51  Barracks Reactor  
  63  8:57  Marine x2  
  63  8:59  Barracks  
  63  9:02  Barracks  
  63  9:07  Medic, Marine  
  63  9:09  SCV x2  
  66  9:15  Refinery x2  
  66  9:17  Marine x2  
  69  9:27  Medic  
  69  9:28  Marine  
  69  9:29  SCV x2  
  73  9:30  SCV  
  73  9:31  Marine  
  73  9:32  SCV x2  
  73  9:33  Marine  
  73  9:37  Marine  
  73  9:38  Marine  
  81  9:41  Marine x3  
  81  9:43  Marine  
  81  9:48  Marine x2  
  84  9:51  Marine  
  84  9:57  Barracks Tech Lab  
  84  9:58  Marine x3  
  84  9:59  Barracks Reactor  
  87  10:03  SCV  
  87  10:06  Marine  
  87  10:08  Marine x3  
  92  10:16  Marine  
  92  10:17  SCV x4  
  97  10:20  SCV  
  98  10:33  Marine x3  
  98  10:37  Supply Depot  
  98  10:38  Marine x2  
  98  10:40  Supply Depot  
  98  10:41  SCV  
  98  10:42  Supply Depot  
  98  10:43  Marine x2  
  98  10:45  Terran Infantry Weapons Level 2  
  103  10:54  Terran Infantry Armor Level 2  
  103  10:57  SCV  
  104  11:14  SCV  
  105  11:29  SCV  
  106  11:30  SCV x2  
  106  11:35  Marine x2  
  106  11:36  Medic x2, Marine  
  115  11:46  Command Center  
  115  11:53  Marine x3  
  115  11:54  Medic x2  
  122  12:04  Supply Depot  
  122  12:07  Supply Depot, SCV x2  
  122  12:08  Supply Depot  
  124  12:10  Marine x2  
  124  12:11  Replenishable Magazine, Marine  
  124  12:13  Barracks  
  124  12:14  Barracks  
  124  12:15  Marine x2  
  124  12:16  Barracks  
  124  12:17  Marine x2  
  130  12:25  Medic  
  130  12:27  Medic  
  130  12:28  Marine x3  
  130  12:29  Marine x2  
  127  12:35  Marine  
  127  12:37  Marine  
  127  12:38  Marine x3  
  127  12:39  Marine  
  134  12:50  Barracks Tech Lab  
  134  12:51  Barracks Reactor  
  134  12:52  Barracks Tech Lab  
  134  12:59  Medic, Marine x3  
  134  13:08  Marine x2  
  134  13:09  Marine  
  132  13:11  Cerberus Mines  
  132  13:19  Marine x3  
  126  13:22  Marine x2  
  126  13:29  Marine x2  
  127  13:33  Marine x2  
  127  13:34  Medic x2, Marine  
  125  13:43  Orbital Command  
  125  13:46  Marine x2  
  127  13:50  Supply Depot  
  127  13:52  Supply Depot  
  127  13:54  Supply Depot  
  127  14:01  Marine x4  
  127  14:02  Medic x2, Marine  
  127  14:03  Marine  
  127  14:08  SCV  
  138  14:12  Terran Infantry Weapons Level 3  
  138  14:13  Terran Infantry Armor Level 3  
  137  14:21  Marine  
  137  14:22  Marine  
  137  14:23  Marine  
  140  14:31  Marine x2  
  140  14:32  Marine x2  
  140  14:33  Medic x2  
  140  14:34  Marine x2  
  140  14:35  Marine  
  140  14:39  Marine x2  
  133  14:42  Marine x4  
  133  14:43  Marine  
  133  14:46  Marine x4  
  131  14:50  Marine x2  
  131  14:52  Marine x2  
  131  14:53  Medic  
  131  14:56  Medic  
  139  15:03  Marine x2  
  139  15:05  Marine x4  
  139  15:06  Medic x2, Marine x2  
  151  15:14  Marine x2  
  151  15:31  Marine x3  
  151  15:32  Marauder  
  151  15:33  Marauder x4  
  151  15:39  Marine  
  95  15:40  Marine x2  
  159  15:45  Marine x3  
  159  15:46  Medic x2  
  159  15:49  Marine x2  
  164  15:50  Marauder  
  164  15:56  Marauder  
  164  15:58  Vulture  
  169  16:08  Vulture, Marine x3  
  169  16:09  Medic x2  
  171  16:12  Marine x3  
  171  16:18  Vulture  
  183  16:28  Vulture, Supply Depot  
  183  16:31  Supply Depot  
  183  16:34  Supply Depot  
  183  16:38  Vulture  
  185  16:49  Vulture  
  187  16:59  Vulture  
  189  17:09  Vulture  
  191  17:19  Vulture  
  193  17:29  Vulture  
  107  17:40  Vulture  
  199  17:51  Marine  
Tags
 
Add a new tag
Caveats
  • Supply blocks, unpowered buildings, or Contaminate may cause inaccurate times.
  • Supply counts are checked every 10 seconds.